 Dungeon Crawl Stone Soup version 0.31-a0-237-g2d982f9f85 (webtiles) character file.

Game seed: 8829576372245077604

82 qw the Shooter (level 4, -2/26 HPs)
             Began as a Gargoyle Hexslinger on July 10, 2023.
             Slain by a gnoll
             ... wielding a +0 spear
              (5 damage)
             ... on level 3 of the Dungeon.
             The game lasted 00:00:40 (1311 turns).

qw the Shooter (Gargoyle Hexslinger)                Turns: 1311, Time: 00:00:40

Health: -2/26      AC:  8    Str: 10 (12) XL:     4   Next: 43%
Magic:  5/5        EV: 11    Int: 11 (13) God:
Gold:   46         SH:  0    Dex: 12 (14) Spells: 4/5 levels left

rFire   . . .        Y - +3 sling (drain)
rCold   . . .        (no shield)
rNeg    + . .        b - +0 leather armour
rPois   inf          (no helmet)
rElec   +            f - +0 cloak
rCorr   .            (no gloves)
SInv    .            k - +0 pair of boots
Will    .....        (no amulet)
Stlth   +            (no ring)
HPRegen 0.24/turn    (no ring)
MPRegen 0.09/turn

%: no passive effects
@: no status effects
A: sickness immunity, AC +3, negative energy resistance 1, electricity
resistance, torment resistance 1, petrification resistance
a: no special abilities


You were on level 3 of the Dungeon.
You visited 1 branch of the dungeon, and saw 3 of its levels.

You collected 46 gold pieces.


Innate Abilities, Weirdness & Mutations

You are immune to sickness and miasma.
Your stone body is resilient. (AC +3)
You are immune to poison.
You resist negative energy. (rN+)
You are resistant to electric shocks. (rElec)
You are resistant to unholy torment.
You are immune to petrification.


   Skills:
 - Level 2.0 Fighting
 + Level 4.2 Ranged Weapons
 - Level 1.5 Dodging
 - Level 1.0 Spellcasting
 - Level 2.6 Hexes


You had 4 spell levels left.
You knew the following spells:

 Your Spells              Type           Power      Damage    Failure   Level
a - Slow                  Hex            24%        N/A       14%         1

Your spell library contained the following spells:

 Spells                   Type           Power      Damage    Failure   Level
 Inner Flame              Hex/Fire       3%         N/A       58%         3
 Portal Projectile        Hex/Tloc       6%         N/A       58%         3
 Cause Fear               Hex            3%         N/A       82%         4

Inventory:

Hand Weapons
 Y - a +3 sling of draining (weapon)
Armour
 b - a +0 leather armour (worn)
 f - a +0 cloak (worn)
 k - a +0 pair of boots (worn)
Scrolls
 a - a scroll of identify
 c - a scroll of blinking {unknown}
Potions
 g - a potion of cancellation {unknown}
 h - a potion of enlightenment {unknown}
 i - a potion of lignification {unknown}
 j - a potion of mutation {unknown}
 n - a potion of heal wounds {unknown}

Dungeon Overview and Level Annotations

Branches:
Dungeon (3/15)

Altars:


Message History

A frilled lizard comes into view.
The frilled lizard hisses angrily.
You shoot a sling bullet.
The sling bullet hits the frilled lizard.
You kill the frilled lizard!
c - a scroll labelled TYCWIETAOD
Found a hand axe.
You see here a +0 hand axe.
A gnoll comes into view. It is wielding a +0 halberd.
A gnoll comes into view. It is wielding a +0 spear.
1300 ||| Stepping ~*~*~tactically~*~*~ (outnumbered).
Found a stone staircase leading down. 3 gnolls come into view.
The gnoll shouts! x4
1302 ||| Stepping ~*~*~tactically~*~*~ (outnumbered).
You shoot a sling bullet.
The sling bullet closely misses the gnoll.
1304 ||| Stepping ~*~*~tactically~*~*~ (outnumbered).
1306 ||| Stepping ~*~*~tactically~*~*~ (outnumbered).
You shoot a sling bullet. The sling bullet hits the gnoll.
The gnoll is moderately wounded.
You shoot a sling bullet.
The sling bullet closely misses the gnoll.
The gnoll barely misses you. The gnoll closely misses you.
The gnoll hits you with a +0 flail!
You shoot a sling bullet.
The sling bullet hits the gnoll but does no damage.
The gnoll hits you from afar with a +0 halberd!
The gnoll hits you from afar with a +0 spear.
The gnoll closely misses you.
You shoot a sling bullet. The sling bullet hits the gnoll.
You drain the gnoll.
The gnoll is severely wounded.
The gnoll hits you from afar with a +0 halberd.
The gnoll hits you but does no damage. The gnoll completely misses you.
You shoot a sling bullet.
The sling bullet completely misses the gnoll.
The gnoll hits you from afar with a +0 halberd.
The gnoll barely misses you.
The gnoll hits you from afar with a +0 spear.
You die...

.>. . ..g. ###.
#.#.###.. .........
......#.## ......g..# #
######.##.(#g.#
#.#.#.<#......g#..#
#............).g@.#
#.#......#........#
####.##....%....#######
........#.............#
####....#...#...#####.#
#.#......#.....# #.#
#....#......)#.###.#
.............#.#.....#
#####..........#.###.#


You could see 4 gnolls.

Vanquished Creatures
  3 adders (D:2)
  2 worms (D:2)
  5 bats
  5 endoplasms
  2 giant cockroaches
  2 goblins (D:2)
  9 hobgoblins
  3 quokkas
  5 ball pythons
  3 frilled lizards
  3 kobolds (D:1)
  5 rats
47 creatures vanquished.

Notes
Turn   | Place    | Note
-------+----------+-------------------------------------------
     0 | D:1      | qw the Gargoyle Hexslinger began the quest for the Orb.
     0 | D:1      | Reached XP level 1. HP: 12/12 MP: 2/2
     0 | D:1      | 0 ||| qw: Version: 0.3-a-52-g30416fa
     0 | D:1      | 0 ||| qw: Game counter: 5338
     0 | D:1      | 0 ||| qw: Melee chars always use a shield: true
     0 | D:1      | 0 ||| qw: God list: Okawaru
     0 | D:1      | 0 ||| qw: Allow faded altars: false
     0 | D:1      | 0 ||| qw: Do Orc after clearing Dungeon:15 true
     0 | D:1      | 0 ||| qw: Do second Lair branch before Depths: true
     0 | D:1      | 0 ||| qw: Lair rune preference: random
     0 | D:1      | 0 ||| qw: Goals: Normal
     0 | D:1      | 0 ||| PLANNING D:1-11
   134 | D:1      | Reached XP level 2. HP: 16/16 MP: 3/3
   219 | D:1      | Reached skill level 3 in Ranged Weapons
   309 | D:1      | Reached XP level 3. HP: 21/21 MP: 4/4
   507 | D:1      | 507 ||| READING scroll labelled DAKIUV KOEN.
   508 | D:1      | 508 ||| READING 3 scrolls labelled YCWUTU YLYUFE.
   509 | D:1      | 509 ||| READING scroll labelled DEUM RADGHIEPH.
   510 | D:1      | 510 ||| READING 2 scrolls labelled NAAHIO OFUPACS.
   511 | D:1      | 511 ||| READING scroll labelled ULYIBOPT GOHY.
   512 | D:1      | 512 ||| READING scroll labelled LIONUI SEJUSAI.
   513 | D:1      | 513 ||| DROPPING scroll of poison.
   514 | D:1      | 514 ||| DROPPING 2 scrolls of revelation.
   515 | D:1      | 515 ||| DROPPING scroll of fear.
   651 | D:2      | 651 ||| READING scroll of enchant weapon.
   651 | D:2      | 651 ||| ENCHANTING +2 sling of draining.
   756 | D:2      | Reached XP level 4. HP: 26/26 MP: 5/5
   778 | D:2      | Found a faded altar of an unknown god.
   894 | D:2      | Reached skill level 4 in Ranged Weapons
  1213 | D:2      | 1213 ||| UPGRADING to +0 leather armour.
  1223 | D:2      | 1223 ||| DROPPING +0 robe.
  1224 | D:2      | 1224 ||| UPGRADING to +0 cloak.
  1229 | D:2      | 1229 ||| UPGRADING to +0 pair of boots.
  1234 | D:2      | 1234 ||| READING 2 scrolls labelled ASTRIN MOSTRE.
  1235 | D:2      | 1235 ||| DRINKING 2 white potions.
  1236 | D:2      | 1236 ||| READING 2 scrolls of identify.
  1236 | D:2      | 1236 ||| IDENTIFYING metallic blue potion
  1237 | D:2      | 1237 ||| DROPPING potion of degeneration.
  1238 | D:2      | 1238 ||| DROPPING potion of magic.
  1239 | D:2      | 1239 ||| DROPPING scroll of fog.
  1300 | D:3      | 1300 ||| Stepping ~*~*~tactically~*~*~ (outnumbered).
  1302 | D:3      | 1302 ||| Stepping ~*~*~tactically~*~*~ (outnumbered).
  1304 | D:3      | 1304 ||| Stepping ~*~*~tactically~*~*~ (outnumbered).
  1306 | D:3      | 1306 ||| Stepping ~*~*~tactically~*~*~ (outnumbered).
  1309 | D:3      | HP: 6/26 [gnoll/+0 spear (4)]
  1311 | D:3      | Slain by a gnoll

Levels and vault maps discovered:
D:1:      psy_arrival_statuary, layout_rooms, minmay_octomino_j4
D:2:      layout_loops_cross, dreamdust_ecumenical_altar_angels_and_demons,
          grunt_ministairs_5, minmay_misc_feat_tiny, minivault_26
D:3:      layout_basic, serial_shops, shop

Skill      XL: |  1  2  3  4 |
---------------+-------------+-----
Ranged Weapons | 3 4 |  4.2
Fighting       | 2 |  2.0
Dodging        | |  1.5
Spellcasting   | |  1.0
Hexes          | |  2.6

Action                     |  1- 3 |  4- 6 || total
---------------------------+-------+-------++-------
   Fire: Sling             |   107 |    33 ||   140
    Use: Scroll            |     7 |     2 ||     9
         Potion            |       |     1 ||     1
 Armour: Robe              |    20 |     3 ||    23
         Leather armour    |       |     1 ||     1
  Dodge: Dodged            |    36 |     8 ||    44

Table legend:
 A = Non-vault XP
 B = Vault XP
 C = Vault XP percentage of total XP
 D = Non-vault monster count
 E = Vault monster count
 F = Vault count percentage of total count
                 A         B        C        D         E       F
            +---------+---------+-------+---------+---------+-------
      Total |      98 |      20 |  16.9 |      41 |       6 |  12.8
            +---------+---------+-------+---------+---------+-------
        D:1 |      30 |       6 |  16.7 |      17 |       4 |  19.0
        D:2 |      65 |      14 |  17.7 |      22 |       2 |   8.3
        D:3 |       3 |       0 |   0.0 |       2 |       0 |   0.0
            +---------+---------+-------+---------+---------+-------
